Map: Phantom Mode

Players

AngryPenguin

  • Race: Protoss Protoss
  • League: Gold
  • Spawn Location: 7:00

Gratz

  • Race: Zerg Zerg
  • Spawn Location: 5:00

JayPay

  • Race: Protoss Protoss
  • Spawn Location: 11:00

Neo

  • Race: Terran Terran
  • League: Bronze
  • Spawn Location: 7:00

Monotoli

  • Race: Protoss Protoss
  • Spawn Location: 9:00

PhantomShad

  • Race: Protoss Protoss
  • Spawn Location: 3:00

Cyclone

  • Race: Protoss Protoss
  • Spawn Location: 1:00

WhaTtheFOOK

  • Race: Zerg Zerg
  • Spawn Location: 5:00

VOD

Have the link to the VOD?

Description

Time

  • Played on: Nov. 28, 2024, 10:26 p.m.
  • Length: 13:10
Show
View Real Time Build Order
Export as new Build Order

AngryPenguin Protoss 

Build Orders: 1 Gate Expand, Nexus First 

Get SALT Encoding   

  12  0:33  Pylon  
  12  0:41  Probe  
  13  0:51  Gateway  
  13  0:53  Probe  
  13  0:54  Nexus  
  14  1:05  Probe  
  14  1:06  Pylon  
  15  1:13  Assimilator  
  15  1:17  Assimilator, Probe  
  16  1:29  Probe  
  17  1:41  Probe  
  17  1:44  Cybernetics Core  
  18  1:53  Probe  
  19  2:05  Probe  
  19  2:07  Probe  
  21  2:19  Probe  
  22  2:31  Probe  
  22  2:34  Stargate x2  
  22  2:35  Stargate  
  23  2:43  Probe  
  24  2:55  Probe  
  25  3:16  Void Ray  
  25  3:17  Void Ray x2  
  37  3:48  Pylon  
  37  4:21  Nexus  
  37  4:23  Void Ray x2  
  37  4:24  Unknown, Void Ray  
  49  4:36  Probe  
  49  4:38  Warp Gate  
  50  4:40  Probe  
  51  4:48  Probe  
  51  4:49  Assimilator  
  51  4:51  Assimilator  
  51  4:52  Probe  
  53  5:00  Probe  
  53  5:03  Pylon  
  53  5:04  Pylon  
  53  5:06  Pylon  
  54  5:07  Pylon  
  54  5:08  Pylon  
  54  5:21  Probe x2  
  56  5:31  Probe  
  56  5:32  Robotics Facility, Probe  
  56  5:33  Robotics Facility  
  58  5:39  Probe  
  58  5:40  Probe  
  58  5:44  Probe  
  58  5:48  Probe x2  
  61  5:52  Probe  
  64  6:00  Probe x2  
  64  6:02  Probe  
  66  6:08  Probe  
  67  6:12  Probe  
  67  6:14  Probe  
  67  6:16  Probe  
  70  6:24  Probe  
  72  6:26  Probe x2  
  74  6:36  Probe  
  74  6:38  Observer x2, Probe x2  
  79  6:48  Probe  
  79  6:50  Probe  
  81  6:56  Cybernetics Core, Observer x2  
  81  6:59  Cybernetics Core  
  81  7:00  Gateway  
  83  7:11  Forge  
  83  7:13  Forge  
  83  7:14  Observer x2  
  83  7:15  Forge  
  85  7:18  Twilight Council  
  85  7:31  Observer  
  85  7:32  Observer  
  87  7:49  Observer  
  87  7:50  Observer  
  89  8:19  Void Ray  
  89  8:20  Void Ray x2  
  101  8:34  Protoss Shields Level 1  
  101  8:35  Pylon  
  101  8:36  Pylon  
  101  8:38  Pylon  
  101  8:41  Fleet Beacon  
  101  8:42  Stargate  
  101  8:44  Stargate  
  101  8:46  Protoss Air Weapons Level 1, Stargate  
  101  8:48  Protoss Air Armor Level 1  
  101  9:09  Void Ray x2  
  113  9:10  Void Ray  
  113  9:19  Flux Vanes  
  113  9:20  Pylon  
  113  9:21  Pylon  
  113  9:25  Pylon  
  113  9:27  Pylon  
  125  9:42  Void Ray x3  
  149  10:30  Void Ray x2  
  149  10:31  Void Ray x4  
  161  11:21  Void Ray x3  
  161  11:23  Pylon  
  161  11:24  Pylon  
  161  11:26  Pylon  
  161  11:27  Pylon  
  161  11:28  Pylon  
  161  11:29  Pylon  
  161  11:30  Pylon  
  173  11:57  Void Ray x3  
Show
View Real Time Build Order
Export as new Build Order

Gratz Zerg 

Build Orders: Pool First 

Get SALT Encoding   

  12  0:53  Overlord  
  12  0:54  Spawning Pool, Drone x2  
  12  0:56  Hatchery  
  12  1:07  Drone  
  12  1:11  Extractor  
  12  1:14  Extractor  
  11  1:19  Hatchery  
  11  1:25  Drone  
  11  1:39  Drone x2  
  13  2:04  Drone x2  
  15  2:09  Drone x2  
  17  2:23  Drone x2  
  19  2:30  Drone  
  19  2:31  Drone  
  21  2:41  Drone x2  
  21  2:43  Drone x2  
  25  2:58  Spine Crawler  
  25  2:59  Spine Crawler x2  
  25  3:02  Spine Crawler, Drone x2  
  23  3:20  Drone x4  
  27  3:34  Drone x2  
  29  3:45  Queen  
  31  3:53  Lair  
  31  4:40  Drone x3  
  31  4:44  Overlord x3  
  34  4:54  Extractor, Drone  
  34  4:55  Overlord, Extractor  
  33  5:07  Drone  
  33  5:08  Drone x4  
  38  5:25  Drone x2  
  40  5:35  Infestation Pit  
  39  5:37  Drone x2, Spire  
  40  5:45  Drone  
  40  5:46  Overlord x2  
  41  6:03  Drone  
  41  6:04  Drone x5  
  47  6:13  Spire  
  47  6:17  Hive  
  46  6:19  Metabolic Boost  
  46  6:28  Drone x4  
  50  6:34  Queen  
  50  6:39  Hatchery  
  51  6:41  Hatchery  
  50  7:00  Zerg Flyer Weapons Level 1  
  50  7:10  Hatchery  
  50  7:13  Hatchery  
  48  7:24  Pneumatized Carapace  
  48  7:31  Zerg Flyer Armor Level 1  
  48  7:38  Adrenal Glands  
  48  7:46  Evolution Chamber  
  48  7:47  Evolution Chamber  
  48  7:48  Evolution Chamber, Drone x6  
  51  7:54  Queen  
  53  8:18  Mutalisk  
  53  8:19  Mutalisk x9  
  73  8:35  Drone x2  
  73  8:36  Drone x7  
  82  8:42  Hatchery  
  82  8:45  Hatchery  
  80  8:48  Hatchery  
  80  8:50  Hatchery  
  80  8:53  Drone x5  
  83  9:07  Zerg Melee Weapons Level 1  
  83  9:08  Zerg Ground Armor Level 1, Zerg Missile Weapons Level 1  
  83  9:09  Zerg Flyer Weapons Level 2  
  83  9:16  Spire  
  83  9:17  Hatchery  
  81  9:19  Spore Crawler  
  81  9:20  Overseer  
  81  9:22  Spore Crawler x2  
  78  9:41  Overlord x3  
  78  9:42  Overlord  
  78  10:09  Zerg Flyer Armor Level 2  
  78  10:19  Ultralisk Cavern  
  78  10:20  Drone x2  
  79  10:22  Drone x2  
  79  10:25  Overlord x5  
  79  10:26  Overlord x2  
  81  10:39  Spore Crawler  
  81  10:40  Spore Crawler  
  79  10:51  Mutalisk  
  79  10:52  Mutalisk x7  
  79  10:53  Mutalisk x3  
  101  11:02  Overlord x5  
  101  11:14  Drone  
  101  11:15  Drone x5  
  107  11:39  Mutalisk x2  
  111  11:40  Mutalisk x6  
  123  11:48  Drone x7  
  123  11:49  Drone x2  
  123  11:50  Drone x3  
  123  11:51  Drone  
  136  12:02  Overseer x2  
  136  12:03  Overseer x4  
  136  12:21  Overseer x4  
  136  12:34  Hatchery  
  135  12:45  Hatchery  
  135  12:48  Extractor  
  135  12:51  Extractor  
  198  13:07  Hatchery  
Show
View Real Time Build Order
Export as new Build Order

JayPay Protoss 

Build Orders: 1 Gate Expand, Nexus First 

Get SALT Encoding   

  12  0:31  Probe  
  13  0:36  Pylon  
  13  0:43  Probe  
  14  0:55  Probe  
  15  0:57  Gateway, Nexus  
  15  1:04  Forge  
  15  1:08  Probe  
  16  1:20  Probe  
  17  1:32  Probe  
  18  1:40  Protoss Shields Level 1  
  18  1:43  Probe  
  18  1:45  Cybernetics Core  
  19  1:50  Assimilator  
  19  1:51  Probe  
  19  1:55  Assimilator  
  19  1:59  Probe  
  20  2:03  Pylon  
  21  2:09  Probe  
  21  2:10  Probe  
  23  2:17  Probe  
  23  2:22  Probe  
  25  2:24  Stargate  
  25  2:25  Probe  
  26  2:31  Warp Gate  
  26  2:34  Probe  
  26  2:36  Probe  
  28  2:47  Probe  
  28  2:48  Probe  
  30  2:59  Probe  
  30  3:00  Probe, Void Ray  
  32  3:11  Probe  
  37  3:12  Probe  
  38  3:23  Twilight Council, Probe  
  38  3:25  Pylon  
  39  3:41  Protoss Ground Armor Level 1  
  39  3:55  Nexus  
  39  4:00  Probe x2  
  41  4:12  Dark Shrine, Probe x2  
  41  4:14  Templar Archives  
  43  4:24  Probe x2  
  43  4:25  Protoss Air Weapons Level 1  
  43  4:28  Charge  
  45  4:33  Pylon x2  
  45  4:34  Pylon  
  45  4:36  Pylon, Probe  
  45  4:37  Probe  
  47  4:40  Assimilator  
  47  4:45  Assimilator  
  47  4:48  Probe  
  47  4:49  Probe  
  49  5:01  Psionic Storm, Probe x2  
  51  5:13  Fleet Beacon, Probe  
  52  5:16  Probe  
  53  5:28  Probe  
  54  5:34  Probe x2  
  56  5:40  Probe  
  57  5:46  Probe x2  
  59  5:52  Pylon, Probe  
  59  5:53  Pylon  
  59  5:55  Pylon  
  59  5:56  Pylon  
  60  5:57  Pylon  
  60  5:58  Pylon  
  60  6:00  Anion Pulse-Crystals  
  60  6:03  Protoss Ground Weapons Level 1  
  60  6:04  Probe  
  60  6:09  Blink  
  61  6:13  Gateway x2  
  61  6:15  Gateway  
  61  6:17  Gateway  
  61  6:19  Gateway  
  61  6:20  Robotics Facility  
  61  6:24  Shadow Stride  
  61  6:34  Protoss Air Armor Level 1  
  61  7:04  Flux Vanes  
  61  7:13  Robotics Bay  
  61  7:14  Gateway  
  61  7:16  Gateway  
  61  7:18  Gateway  
  61  7:20  Gateway  
  61  7:22  Gateway  
  61  7:23  Gateway  
  61  8:05  Protoss Ground Armor Level 2  
  61  8:19  Pylon  
  61  8:20  Pylon  
  61  8:21  Pylon  
  61  8:23  Pylon  
  61  8:24  Observer, Pylon  
  61  8:25  Pylon  
  61  8:26  Pylon  
  62  8:27  Pylon  
  62  8:29  Pylon  
  62  8:30  Pylon  
  62  8:31  Pylon  
  62  8:32  Pylon  
  62  8:40  Photon Cannon  
  62  8:41  Warp Prism, Photon Cannon  
  62  8:42  Photon Cannon  
  62  8:43  Photon Cannon  
  62  8:44  Photon Cannon  
  62  8:46  Shield Battery, Photon Cannon  
  62  8:48  Shield Battery  
  64  8:50  Photon Cannon  
  64  8:51  Photon Cannon  
  64  8:52  Shield Battery, Photon Cannon  
  64  8:55  Photon Cannon  
  64  8:56  Photon Cannon  
  64  8:57  Shield Battery, Photon Cannon  
  64  9:00  Photon Cannon  
  64  9:01  Photon Cannon  
  64  9:02  Shield Battery, Photon Cannon  
  64  9:05  Photon Cannon  
  64  9:06  Photon Cannon  
  64  9:07  Shield Battery, Photon Cannon  
  64  9:10  Photon Cannon  
  64  9:11  Photon Cannon  
  64  9:12  Photon Cannon  
  64  9:39  Stargate x2  
  64  9:41  Unknown  
  64  9:42  Stargate  
  64  9:44  Stargate x2  
  64  9:46  Stargate  
  64  9:49  Stargate x2  
  64  9:51  Stargate x2  
  64  9:53  Stargate  
  64  9:54  Stargate  
  64  10:08  Gravitic Drive  
  64  10:35  Protoss Air Weapons Level 2  
  64  11:05  Gravitic Boosters  
  64  11:19  Pylon  
  64  11:20  Pylon  
  64  11:22  Pylon  
  64  11:24  Pylon  
  64  11:25  Pylon  
  64  11:27  Pylon  
  64  11:28  Pylon  
  64  11:29  Pylon  
  64  11:30  Pylon  
  64  11:32  Pylon  
  64  11:33  Pylon  
  64  11:34  Pylon  
  64  11:37  Pylon  
  64  11:39  Pylon  
  64  11:42  Pylon  
  64  11:43  Pylon  
  64  11:45  Pylon  
  64  11:46  Pylon  
  64  11:47  Pylon  
  64  11:48  Pylon  
  64  11:49  Pylon  
  64  12:17  Probe  
  65  12:29  Probe  
  66  12:41  Probe  
  66  12:43  Photon Cannon x2  
  67  12:45  Photon Cannon  
  67  12:46  Photon Cannon  
  67  12:47  Photon Cannon  
  67  12:49  Photon Cannon  
  67  12:50  Photon Cannon  
  67  12:52  Photon Cannon  
  67  12:53  Photon Cannon, Probe  
  67  12:54  Photon Cannon  
  67  12:55  Photon Cannon  
  67  12:56  Photon Cannon  
  67  12:57  Photon Cannon  
  68  12:59  Photon Cannon  
  68  13:00  Photon Cannon  
  68  13:01  Photon Cannon  
  68  13:02  Photon Cannon  
  68  13:07  Photon Cannon  
  68  13:08  Photon Cannon  
  68  13:09  Photon Cannon  
Show
View Real Time Build Order
Export as new Build Order

Neo Terran 

Build Orders: Command Center First 

Get SALT Encoding   

  12  0:32  SCV  
  13  0:44  SCV  
  13  0:46  Refinery  
  13  0:47  Refinery  
  14  0:56  SCV  
  15  1:01  Command Center  
  15  1:02  Supply Depot  
  15  1:06  Refinery  
  15  1:08  Refinery  
  15  1:24  SCV  
  16  1:28  Barracks  
  16  1:36  SCV  
  17  1:43  Engineering Bay  
  17  1:48  SCV  
  18  2:00  SCV  
  19  2:11  Command Center  
  19  2:17  Command Center  
  19  2:19  SCV  
  20  2:23  Barracks Tech Lab  
  20  2:34  Factory  
  20  2:51  Orbital Command x2  
  20  3:03  Neosteel Armor  
  20  3:07  Concussive Shells  
  20  3:18  Factory Tech Lab  
  20  3:34  Orbital Command x2  
  20  3:39  Infernal Pre-Igniter  
  20  3:42  SCV  
  20  3:43  SCV  
  22  3:54  SCV  
  22  3:55  SCV  
  24  4:03  Starport  
  24  4:06  SCV, Starport  
  24  4:07  SCV  
  26  4:11  Starport  
  26  4:13  Starport  
  26  4:18  SCV  
  26  4:19  SCV  
  28  4:30  SCV  
  30  4:31  SCV  
  30  4:40  Armory  
  30  4:49  Fusion Core  
  30  4:51  Starport Tech Lab x4  
  30  5:02  Hi-Sec Auto Tracking  
  30  5:05  Stimpack  
  30  5:07  Mag-Field Accelerator  
  30  5:11  SCV x3  
  30  5:12  SCV  
  34  5:23  SCV x2  
  34  5:24  SCV x2  
  38  5:30  Hyperflight Rotors  
  38  5:35  SCV x2, Missile Turret  
  40  5:40  Missile Turret  
  40  5:41  Missile Turret  
  40  5:45  Terran Ship Weapons Level 1  
  40  5:46  Sensor Tower  
  40  5:47  Advanced Ballistics  
  40  5:51  Interference Matrix  
  40  5:53  Cloaking Field  
  40  5:59  Terran Infantry Armor Level 1  
  40  6:09  Battlecruiser  
  46  6:12  Battlecruiser  
  52  6:36  Orbital Command  
  52  6:44  Combat Shield  
  52  6:45  Orbital Command  
  52  6:46  Smart Servos  
  52  6:50  Orbital Command  
  52  6:59  Caduceus Reactor  
  52  7:26  Battlecruiser x2  
  64  7:39  Terran Vehicle And Ship Armor Level 1  
  64  7:48  Missile Turret  
  64  7:53  Terran Infantry Weapons Level 1  
  64  7:56  Weapon Refit  
  64  8:00  Ghost Academy  
  64  8:05  Drilling Claws  
  64  8:07  Starport  
  64  9:24  Starport Tech Lab  
  64  9:34  Terran Vehicle Weapons Level 1  
  64  9:44  Command Center  
  64  9:45  Command Center x2  
  64  9:47  Terran Infantry Armor Level 2  
  64  9:48  Command Center x2  
  64  9:49  Command Center  
  64  9:54  Command Center  
  64  9:56  Command Center  
  64  10:23  Bunker  
  64  10:33  Battlecruiser x2  
  76  10:53  Missile Turret  
  76  10:56  Battlecruiser x3  
  94  11:40  Orbital Command x4  
  94  11:41  Orbital Command x4  
  124  12:42  Marine  
Show
View Real Time Build Order
Export as new Build Order

Monotoli Protoss 

Build Orders: Nexus First 

Get SALT Encoding   

  12  0:39  Probe  
  13  0:44  Pylon  
  13  0:51  Probe  
  14  1:03  Nexus, Probe  
  15  1:05  Gateway  
  15  1:09  Assimilator  
  15  1:11  Assimilator  
  15  1:15  Probe  
  15  1:17  Pylon  
  16  1:27  Probe  
  17  1:36  Probe  
  18  1:44  Probe  
  18  1:53  Cybernetics Core  
  18  1:54  Probe  
  19  1:55  Pylon  
  20  2:06  Probe  
  21  2:18  Probe x2  
  23  2:29  Probe  
  23  2:30  Probe  
  23  2:31  Stargate  
  23  2:33  Stargate  
  25  2:37  Probe  
  25  2:38  Probe  
  27  2:45  Probe  
  27  2:46  Probe  
  29  2:56  Probe x2  
  31  3:08  Probe  
  31  3:09  Probe  
  33  3:19  Probe  
  41  3:20  Probe  
  41  3:22  Warp Gate  
  41  3:23  Void Ray  
  41  3:25  Void Ray  
  43  3:27  Pylon, Probe  
  43  3:33  Probe  
  45  3:35  Probe  
  46  3:45  Probe  
  46  3:47  Probe  
  48  3:57  Probe  
  49  4:09  Probe  
  50  4:12  Assimilator  
  50  4:14  Assimilator  
  50  4:19  Nexus  
  50  4:21  Probe  
  50  4:22  Unknown  
  51  4:33  Probe  
  52  4:40  Probe  
  53  4:46  Robotics Facility  
  53  4:52  Probe  
  54  4:56  Twilight Council  
  54  4:58  Pylon  
  54  5:09  Pylon  
  54  5:13  Probe  
  55  5:14  Probe  
  56  5:25  Probe  
  56  5:26  Probe  
  56  5:27  Protoss Air Weapons Level 1  
  58  5:29  Forge  
  58  5:37  Probe  
  58  5:38  Probe  
  58  5:39  Robotics Bay, Templar Archives  
  58  5:42  Fleet Beacon  
  60  5:44  Pylon x2  
  60  5:46  Pylon  
  60  5:49  Pylon x2, Probe  
  61  5:50  Probe  
  61  5:51  Pylon  
  61  5:52  Pylon  
  61  5:53  Gateway  
  61  5:56  Probe  
  62  6:01  Probe  
  62  6:03  Probe  
  62  6:04  Dark Shrine, Probe  
  65  6:08  Protoss Ground Weapons Level 1  
  66  6:13  Probe  
  67  6:18  Gateway  
  67  6:21  Gateway  
  67  6:22  Gateway  
  67  6:24  Probe  
  68  6:28  Gateway, Fleet Beacon  
  68  6:31  Pylon  
  68  6:34  Pylon x2, Probe  
  69  6:42  Probe  
  70  6:50  Stargate  
  70  6:51  Probe  
  70  6:52  Photon Cannon  
  70  6:54  Pylon  
  70  6:55  Pylon  
  70  6:56  Pylon  
  70  6:57  Pylon, Blink  
  70  6:58  Pylon  
  70  7:00  Pylon  
  70  7:01  Pylon  
  71  7:03  Probe  
  72  7:15  Probe  
  73  7:16  Cybernetics Core, Fleet Beacon  
  73  7:24  Stargate x2  
  73  7:25  Photon Cannon  
  73  7:26  Photon Cannon  
  73  7:39  Protoss Air Weapons Level 2  
  73  7:40  Psionic Storm, Gravitic Boosters  
  73  7:49  Pylon  
  73  7:52  Pylon  
  73  7:53  Stargate  
  73  8:03  Anion Pulse-Crystals  
  73  8:09  Protoss Air Armor Level 1  
  73  8:13  Gateway x2  
  73  8:15  Pylon  
  73  8:17  Pylon  
  73  8:20  Pylon  
  73  8:22  Pylon  
  73  8:24  Pylon  
  73  8:27  Pylon, Protoss Shields Level 1  
  73  8:42  Gateway  
  73  8:43  Gateway  
  73  8:44  Dark Templar x2  
  73  8:45  Dark Templar x2  
  73  8:47  Gateway  
  73  8:48  Gateway, Dark Templar  
  83  9:00  Dark Templar  
  85  9:08  Flux Vanes  
  85  9:11  Dark Templar  
  85  9:12  Dark Templar  
  89  9:22  Dark Templar  
  89  9:23  Dark Templar  
  93  9:24  Zealot x2  
  93  9:25  Zealot  
  99  9:37  Zealot  
  99  9:38  Zealot x2  
  105  9:44  Zealot  
  105  9:45  Zealot x5  
  117  10:08  Zealot x2, Dark Templar x4  
  117  10:09  Zealot x5  
  139  10:56  Dark Templar x2  
  139  10:57  Dark Templar x5  
  153  11:07  Gateway  
  153  11:08  Gateway  
  153  11:12  Gateway  
  153  11:13  Gateway  
  153  11:15  Pylon  
  153  11:16  Pylon  
  153  11:20  Pylon  
  129  11:37  Photon Cannon  
  129  11:39  Photon Cannon  
  118  11:40  Photon Cannon  
  118  11:41  Photon Cannon  
  118  11:43  Photon Cannon  
  118  11:44  Photon Cannon  
  118  11:45  Photon Cannon, Unknown  
  118  11:46  Photon Cannon  
  118  11:48  Photon Cannon  
  118  11:49  Photon Cannon  
  118  11:50  Photon Cannon x2  
  118  11:52  Photon Cannon  
  118  11:53  Photon Cannon  
  118  11:54  Photon Cannon  
  118  11:56  Photon Cannon  
  118  11:57  Photon Cannon  
  118  11:58  Photon Cannon  
  118  11:59  Photon Cannon  
  118  12:00  Photon Cannon  
  116  12:02  Photon Cannon  
  116  12:03  Photon Cannon  
  116  12:04  Photon Cannon  
  116  12:07  Photon Cannon x2  
  108  12:08  Photon Cannon  
  108  12:26  Probe  
  108  12:35  Probe  
  110  12:44  Probe  
  111  12:56  Probe  
  112  13:09  Assimilator  
Show
View Real Time Build Order
Export as new Build Order

PhantomShad Protoss 

Build Orders: Double Forge, Nexus First, Carriers 

Get SALT Encoding   

  12  0:34  Nexus  
  12  0:44  Assimilator, Probe  
  13  0:56  Probe  
  14  0:58  Nexus  
  14  1:06  Nexus  
  14  1:12  Probe  
  15  1:30  Pylon  
  15  1:45  Probe  
  15  1:46  Probe  
  17  1:57  Probe  
  17  1:58  Probe  
  17  1:59  Gateway  
  19  2:03  Forge  
  19  2:09  Probe  
  19  2:10  Probe x2  
  22  2:22  Probe x2  
  24  2:43  Assimilator  
  24  2:49  Forge  
  24  2:54  Cybernetics Core  
  24  2:55  Cybernetics Core  
  24  2:58  Probe x3  
  26  3:00  Probe  
  28  3:10  Probe x3  
  28  3:12  Probe  
  32  3:24  Probe x4  
  36  3:36  Probe x4  
  40  3:48  Probe  
  41  3:51  Protoss Ground Weapons Level 1  
  41  3:54  Protoss Shields Level 1  
  41  3:58  Protoss Air Weapons Level 1  
  41  4:00  Protoss Air Armor Level 1, Assimilator  
  41  4:02  Assimilator  
  41  4:07  Probe x3  
  44  4:10  Probe  
  45  4:19  Probe x2  
  45  4:20  Probe  
  45  4:22  Probe  
  49  4:31  Probe x2  
  49  4:32  Probe  
  52  4:47  Twilight Council  
  52  4:48  Stargate  
  52  5:00  Pylon  
  52  5:01  Pylon  
  52  5:04  Pylon  
  52  5:06  Pylon  
  52  5:19  Pylon  
  52  5:21  Pylon  
  52  5:23  Pylon  
  52  5:25  Pylon  
  52  5:30  Pylon  
  52  5:32  Pylon  
  52  5:38  Stargate  
  52  5:39  Stargate  
  52  5:40  Stargate  
  52  5:41  Stargate  
  52  5:43  Stargate x2  
  52  6:02  Pylon  
  52  6:03  Pylon  
  52  6:05  Pylon  
  52  6:07  Pylon  
  52  6:10  Pylon  
  52  6:21  Protoss Shields Level 2, Protoss Ground Weapons Level 2  
  52  6:25  Warp Gate  
  52  6:29  Fleet Beacon  
  52  6:31  Gateway  
  52  6:32  Gateway  
  52  6:34  Gateway  
  52  6:35  Gateway x2  
  52  6:43  Charge  
  52  6:48  Pylon  
  52  6:49  Pylon  
  52  6:51  Pylon  
  52  7:21  Carrier x4  
  76  7:24  Carrier  
  82  7:39  Carrier  
  88  8:09  Gateway  
  88  8:10  Gateway  
  88  8:17  Gateway  
  88  8:18  Gateway  
  88  8:25  Carrier  
  88  8:26  Carrier  
  100  8:48  Carrier  
  100  8:50  Zealot x3  
  100  8:51  Zealot x3  
  118  9:21  Protoss Air Weapons Level 2  
  118  9:37  Protoss Air Armor Level 2  
  118  9:40  Protoss Ground Weapons Level 3  
  118  9:54  Zealot x3  
  118  9:55  Zealot x4  
  118  9:56  Zealot x3  
  138  10:02  Carrier  
  144  10:12  Protoss Ground Armor Level 1  
  144  10:17  Zealot  
  144  10:18  Zealot x6  
  144  10:19  Zealot x3  
  164  10:41  Carrier  
  170  10:45  Zealot x2  
  170  10:46  Zealot x3  
  170  10:47  Zealot  
  182  10:57  Carrier  
  188  11:06  Zealot x2  
  188  11:07  Zealot  
  194  11:21  Carrier  
Show
View Real Time Build Order
Export as new Build Order

Cyclone Protoss 

Build Orders:  

Get SALT Encoding   

  12  1:03  Probe  
  13  1:12  Nexus  
  13  1:15  Probe  
  13  1:18  Pylon  
  14  1:21  Assimilator  
  14  1:25  Assimilator  
  14  1:26  Probe  
  14  1:30  Nexus  
  15  1:34  Probe  
  15  1:35  Pylon  
  16  1:42  Probe  
  16  1:43  Assimilator  
  16  1:45  Assimilator  
  17  1:53  Probe  
  18  2:05  Probe  
  19  2:18  Probe  
  20  2:26  Probe  
  20  2:28  Gateway  
  20  2:30  Probe  
  20  2:34  Probe  
  22  2:43  Probe  
  24  2:44  Probe  
  25  2:55  Probe  
  25  2:56  Probe  
  27  3:07  Probe x2  
  27  3:10  Probe  
  29  3:15  Probe  
  29  3:18  Probe  
  29  3:19  Probe  
  32  3:23  Probe  
  34  3:27  Cybernetics Core  
  34  3:28  Probe  
  34  3:29  Cybernetics Core  
  34  3:31  Probe  
  36  3:34  Probe  
  36  3:40  Probe  
  38  3:43  Probe  
  38  3:47  Probe  
  40  4:15  Probe x3  
  40  4:22  Protoss Air Armor Level 1, Protoss Air Weapons Level 1  
  40  4:23  Probe x2  
  40  4:24  Probe  
  46  4:31  Stargate  
  46  4:33  Probe x3  
  46  4:35  Pylon  
  46  4:36  Stargate  
  46  4:37  Pylon x2  
  49  4:40  Pylon  
  49  4:43  Pylon  
  49  4:45  Probe x3  
  52  5:19  Stargate  
  52  5:21  Stargate  
  52  5:22  Stargate  
  52  5:23  Stargate  
  52  5:25  Stargate  
  52  5:26  Stargate  
  52  5:29  Stargate  
  52  5:32  Pylon  
  52  5:33  Stargate  
  52  5:36  Stargate  
  52  5:56  Void Ray x2  
  60  6:10  Void Ray  
  76  6:12  Void Ray  
  76  6:16  Void Ray x2  
  76  6:53  Void Ray  
  76  6:54  Void Ray x3  
  92  7:04  Fleet Beacon  
  92  8:08  Protoss Air Weapons Level 2, Protoss Air Armor Level 2  
  92  8:17  Mothership  
  100  8:33  Pylon  
  100  8:34  Pylon  
  100  8:35  Pylon  
  100  8:37  Pylon  
  100  8:39  Pylon x2  
  100  8:40  Pylon  
  100  8:41  Pylon  
  100  8:42  Pylon x2  
  100  8:45  Pylon x2  
  100  8:46  Pylon  
  100  8:54  Flux Vanes  
  108  9:03  Void Ray x2  
Show
View Real Time Build Order
Export as new Build Order

WhaTtheFOOK Zerg 

Build Orders: Pool First, Lurkers 

Get SALT Encoding   

  12  0:31  Drone x2  
  12  0:34  Spawning Pool  
  13  0:39  Overlord  
  13  0:46  Drone  
  14  0:57  Hatchery, Drone  
  14  1:02  Hatchery  
  13  1:04  Drone  
  14  1:14  Drone  
  15  1:21  Roach Warren  
  15  1:25  Lair  
  14  1:27  Drone  
  15  1:34  Metabolic Boost  
  15  1:35  Drone  
  16  1:46  Drone  
  17  2:02  Roach  
  17  2:07  Roach  
  21  2:09  Roach  
  21  2:15  Roach  
  25  2:23  Drone x2  
  25  2:25  Spine Crawler x2  
  25  2:27  Spine Crawler, Drone  
  25  2:31  Queen  
  25  2:32  Overlord  
  25  2:33  Drone  
  25  2:34  Ravager x3  
  25  2:35  Ravager  
  32  2:38  Drone  
  32  2:41  Drone  
  34  2:54  Drone x4  
  38  3:26  Hatchery  
  37  3:27  Unknown x2  
  37  3:29  Drone x3  
  37  3:34  Extractor x2  
  37  3:35  Drone x3  
  37  3:36  Drone x3  
  42  3:48  Overlord  
  42  3:52  Overlord  
  42  4:08  Drone x8  
  50  4:13  Hydralisk Den  
  49  4:17  Drone  
  49  4:18  Drone  
  49  4:20  Drone x2  
  53  4:30  Drone x5  
  58  4:31  Overlord  
  58  4:41  Evolution Chamber  
  58  4:43  Evolution Chamber  
  56  4:45  Muscular Augments  
  56  4:46  Evolution Chamber, Drone  
  56  4:52  Extractor x2  
  54  4:53  Drone x7  
  54  4:58  Drone  
  54  4:59  Drone  
  63  5:05  Drone  
  64  5:08  Drone x2  
  64  5:10  Drone x2  
  64  5:12  Zerg Melee Weapons Level 1, Zerg Missile Weapons Level 1  
  64  5:13  Zerg Ground Armor Level 1  
  68  5:15  Drone x2  
  68  5:16  Drone x2  
  72  5:22  Hatchery x2  
  70  5:30  Spire  
  70  5:31  Spire  
  70  5:32  Drone  
  69  5:36  Drone  
  69  5:38  Drone x2  
  69  5:42  Overlord x4  
  72  5:49  Grooved Spines  
  72  6:00  Drone  
  72  6:01  Drone  
  72  6:02  Drone x2  
  72  6:03  Drone  
  77  6:08  Overseer x2  
  77  6:14  Infestation Pit, Drone  
  77  6:17  Lurker Den  
  77  6:18  Drone  
  77  6:31  Overlord  
  77  6:43  Zerg Flyer Weapons Level 1, Zerg Flyer Armor Level 1  
  77  6:46  Lair  
  77  6:47  Drone  
  78  7:08  Drone x3  
  78  7:14  Hatchery  
  80  7:16  Hatchery  
  80  7:17  Hatchery, Spore Crawler  
  77  7:31  Hive  
  77  7:32  Zerg Melee Weapons Level 2  
  77  7:33  Zerg Ground Armor Level 2, Zerg Missile Weapons Level 2  
  77  7:40  Pneumatized Carapace  
  77  7:49  Drone x2  
  77  7:50  Drone  
  80  7:53  Hatchery  
  80  7:54  Hatchery  
  78  8:01  Drone, Hive  
  79  8:05  Spore Crawler  
  79  8:12  Drone  
  79  8:13  Overlord x2  
  79  8:19  Drone x2  
  85  8:20  Drone x9  
  90  8:43  Hatchery x2  
  90  8:44  Hatchery  
  90  8:45  Hatchery  
  90  8:46  Hatchery  
  90  8:47  Hatchery x2  
  83  8:48  Hatchery  
  83  8:49  Hatchery  
  83  8:50  Hatchery x2  
  79  8:56  Queen x2  
  79  8:59  Overlord x6  
  84  9:02  Drone  
  84  9:15  Zerg Flyer Weapons Level 2, Zerg Flyer Armor Level 2  
  84  9:27  Drone x9  
  84  9:28  Drone x3  
  96  9:48  Spore Crawler x2  
  96  9:49  Spore Crawler x2  
  96  9:50  Spore Crawler  
  96  9:52  Spore Crawler x2  
  90  9:53  Spore Crawler  
  90  9:54  Spore Crawler  
  90  9:55  Spore Crawler  
  90  9:56  Spore Crawler  
  85  10:00  Spore Crawler  
  85  10:01  Spore Crawler  
  85  10:05  Adaptive Talons  
  83  10:13  Drone x3  
  83  10:14  Drone x3  
  89  10:23  Ultralisk Cavern  
  89  10:25  Drone  
  89  10:26  Drone x11  
  100  10:29  Drone  
  100  10:30  Drone x26  
  100  10:34  Nydus Network  
  100  10:35  Spore Crawler x2  
  125  10:38  Spore Crawler  
  125  10:39  Spore Crawler  
  125  10:41  Spore Crawler  
  122  10:46  Drone  
  122  10:47  Drone x13  
  136  10:50  Spore Crawler  
  135  11:00  Spore Crawler x2  
  135  11:01  Spore Crawler x4  
  135  11:02  Spore Crawler x3, Seismic Spines  
  135  11:03  Spore Crawler x2  
  124  11:14  Spore Crawler x3  
  124  11:15  Spore Crawler x5  
  124  11:16  Spore Crawler x2  
  114  11:21  Spore Crawler  
  114  11:22  Spore Crawler x3  
  114  11:23  Spore Crawler x2  
  114  11:24  Spore Crawler x4  
  114  11:25  Spore Crawler x2  
  103  11:26  Spore Crawler x2  
  103  11:27  Spore Crawler x2  
  103  11:28  Spore Crawler  
  103  11:29  Spore Crawler  
  103  11:30  Spore Crawler  
  95  11:50  Hydralisk x4  
  95  11:51  Hydralisk x2  
  107  12:07  Drone  
  107  12:08  Ultralisk Cavern, Drone  
  108  12:13  Viper x4  
  108  12:14  Viper  
  123  12:18  Lurker x5  
  123  12:19  Lurker  
  129  12:29  Spore Crawler x3  
  126  12:30  Spore Crawler  
  126  12:31  Spore Crawler x3  
  126  12:32  Spore Crawler x2  
  126  12:36  Spore Crawler  
  119  12:37  Spore Crawler  
  119  12:38  Spore Crawler  
  117  12:47  Unknown  
Tags
 
Add a new tag
Caveats
  • Supply blocks, unpowered buildings, or Contaminate may cause inaccurate times.
  • Supply counts are checked every 10 seconds.